 Dungeon Crawl Stone Soup version 0.22-a0-280-g69bf1f3 (webtiles) character file.

12111 b5mith the Fighter (level 11, -4/156 HPs)
             Began as a Yellow Draconian Berserker on Mar 16, 2018.
             Was a High Priest of Trog.
             Killed by divine providence
             ... invoked by an orc priest
              (10 damage)
             ... on level 11 of the Dungeon.
             The game lasted 00:24:50 (10389 turns).

b5mith the Fighter (Yellow Draconian Berserker)    Turns: 10389, Time: 00:24:51

Health: -4/156     AC: 10    Str: 30    XL:     11   Next: 58%
Magic:  20/20      EV: 16    Int: 12    God:    Trog [*****.]
Gold:   493        SH:  0    Dex: 10    Spells: 10/10 levels left

rFire    . . .     SeeInvis .   a - +3 morningstar (freeze)
rCold    . . .     Gourm    .   (no shield)
rNeg     . . .     Faith    +   (armour unavailable)
rPois    .         Spirit   .   (helmet restricted)
rElec    .         Reflect  .   B - +2 cloak
rCorr    +         Harm     .   y - -1 pair of gloves of Reason {+Fly Int+3}
MR       +....                  (no boots)
Stlth    ..........             j - amulet of faith
HPRegen  0.36/turn              d - ring "Qakoojesu" {MR+ MP+9 Str+3 Stlth+}
MPRegen  0.17/turn              (no ring)

@: berserking, heavily drained, very quick
A: spit acid, acid resistance, unfitting armour, cold-blooded, AC +7
a: Breathe Acid, Berserk, Trog's Hand, Brothers in Arms, Renounce Religion,
Evoke Flight


You were on level 11 of the Dungeon.
You worshipped Trog.
Trog was extremely pleased with you.
You were not hungry.

You visited 1 branch of the dungeon, and saw 10 of its levels.

You collected 493 gold pieces.

Inventory:

Hand Weapons
 a - a +3 morningstar of freezing (weapon)
 t - a +3 flail of holy wrath
 v - a +2 mace of protection
 z - a +0 mace
Missiles
 G - 5 silver tomahawks (quivered)
 H - 6 tomahawks
Armour
 y - the -1 pair of gloves of Reason (worn) {+Fly Int+3}
   (You found it on level 6 of the Dungeon)

   It affects your intelligence (+3).
   It lets you fly.
 B - a +2 cloak (worn)
Jewellery
 d - the ring "Qakoojesu" (left hand) {MR+ MP+9 Str+3 Stlth+}
   (You found it on level 8 of the Dungeon)

   [ring of magical power]

   It affects your strength (+3).
   It affects your resistance to hostile enchantments.
   It affects your magic capacity (+9).
   It makes you more stealthy.
 j - an amulet of faith (around neck)
Wands
 k - a wand of digging (16)
 w - a wand of flame (26)
 x - a wand of polymorph (46)
 A - a wand of enslavement (15)
 I - a wand of random effects (32)
 J - a wand of paralysis (12)
Scrolls
 e - 2 scrolls of immolation
 f - 2 scrolls of fear
 g - 3 scrolls of teleportation
 l - 2 scrolls of noise
 m - 2 scrolls of magic mapping
 q - a scroll of remove curse {@r2}
 u - 4 scrolls of enchant armour
 C - a scroll of random uselessness {unknown}
Potions
 c - 3 potions of haste {unknown}
 h - 2 potions of curing {@q1}
 i - 4 potions of agility
 n - a potion of heal wounds
 o - a potion of ambrosia {unknown}
 p - 3 potions of flight {unknown}
 r - a potion of lignification {unknown}
 s - a potion of magic {unknown}
 D - a potion of invisibility {unknown}
 F - a potion of brilliance {unknown}
 K - a potion of degeneration {unknown}
Comestibles
 b - 12 rations
 E - 6 chunks of flesh


   Skills:
 + Level 12.0(10.2) Fighting
 + Level 11.1(9.3) Maces & Flails
 + Level 10.3(8.5) Dodging


You had 10 spell levels left.
You didn't know any spells.

Dungeon Overview and Level Annotations

Branches:
Dungeon (11/15)              Lair (0/6) D:8
 Temple: D:4-7          Orc: D:9-12

Altars:
Ashenzari
Dithmenos
Gozag
Makhleb
Qazlal
Ru
Uskayaw
Yredelemnul

Shops:
D:10 %


Innate Abilities, Weirdness & Mutations

You can spit globs of acid.
You are resistant to acid.
Your golden yellow scales are hard. (AC +7)
You cannot fit into any form of body armour.
You are cold-blooded and may be slowed by cold attacks.


Message History

Urug is almost dead.
The orc priest calls down the wrath of Beogh upon you.
Beogh smites you!
* * * LOW HITPOINT WARNING * * *
The orc wizard closely misses you.
The orc priest looks encouraged for a moment.
You bludgeon Urug!! You freeze Urug.
You kill Urug!
Trog accepts your kill.
Your base Fighting skill increases to level 12!
The orc priest mumbles some strange prayers to Beogh against you.
Beogh smites you!
* * * LOW HITPOINT WARNING * * *
The orc wizard casts a spell at you. The puff of flame hits you!
* * * LOW HITPOINT WARNING * * *
You miss the orc wizard. The orc closely misses you.
The orc priest invokes the aid of Beogh against you.
Beogh smites you!
You die...

#### .... ........<..
..?. ........... #..
#.......... #...
#.....?....
###...########.(........
o.....).................
..o.ooo@.# #..........
#######..#####......÷...
........(...†.......yWK
.....................(.
........).(............
..........#############
..........# #
..........# #
........).# #


You could see 2 orc priests, an orc wizard and 2 orcs.

Vanquished Creatures
  A catoblepas (D:9)
  2 two-headed ogres
  3 death yaks (D:8)
  Urug (D:11)
  The ghost of edsrzf the Destroyer, a novice DsWz of Sif Muna (D:8)
  Pikel (D:4)
  A manticore (D:9)
  The ghost of Raine357 the Carver, a novice TeFi of Ru (D:5)
  Maurice (D:8)
  Prince Ribbit (D:8)
  3 hippogriffs
  A wraith (D:10)
  Grum (D:8)
  A vampire mosquito (D:11)
  Edmund (D:4)
  A water moccasin (D:8)
  A porcupine (D:8)
  An orc warrior (D:10)
  A slave (D:4)
  2 sky beasts
  2 ice beasts (D:6)
  A phantom (D:8)
  A black bear (D:9)
  A necrophage (D:8)
  4 ogres
  3 centaurs
  4 wolves (D:8)
  3 big kobolds
  9 bullfrogs
  A wyvern zombie (D:8)
  Blork the orc (D:4)
  A wyvern skeleton (D:10)
  3 scorpions
  6 wights
  A howler monkey (D:9)
  A crimson imp (D:10)
  A quasit (D:8)
  2 jellies (D:9)
  5 orc priests
  5 hounds
  A bullfrog skeleton (D:8)
  3 iguanas
  10 orc wizards
  4 worker ants
  A worker ant zombie (D:8)
  A howler monkey skeleton (D:8)
  3 river rats (D:8)
  11 adders
  4 shadow imps
  An ooze (D:3)
  An adder skeleton (D:4)
  2 dart slugs
  4 worms
  10 leopard geckos
  21 orcs
  5 bats
  2 giant cockroaches
  8 goblins
  4 hobgoblins
  11 jackals
  19 kobolds
  5 quokkas
  A frilled lizard (D:5)
  A jackal skeleton (D:4)
  A jackal zombie (D:6)
  A quokka zombie (D:10)
  4 rats
220 creatures vanquished.

Vanquished Creatures (others)
  4 toadstools (D:1)
4 creatures vanquished.

Grand Total: 224 creatures vanquished

Notes
Turn   | Place    | Note
-------+----------+-------------------------------------------
     0 | D:1      | b5mith the Draconian Berserker began the quest for the Orb.
     0 | D:1      | Reached XP level 1. HP: 19/19 MP: 1/1
    83 | D:1      | Found a shattered altar of Ashenzari.
   154 | D:1      | Reached XP level 2. HP: 21/26 MP: 2/2
   583 | D:2      | Reached ** piety under Trog
   592 | D:2      | Reached XP level 3. HP: 18/33 MP: 3/3
   925 | D:2      | Reached skill level 4 in Fighting
  1247 | D:2      | Found a stormy altar of Qazlal.
  1333 | D:3      | Reached XP level 4. HP: 34/40 MP: 4/4
  1343 | D:3      | Found a burning altar of Makhleb.
  1409 | D:3      | Found a shadowy altar of Dithmenos.
  1637 | D:3      | Reached *** piety under Trog
  1674 | D:3      | Found an opulent altar of Gozag.
  2120 | D:4      | Found a hide-covered altar of Uskayaw.
  2122 | D:4      | Noticed Blork the orc
  2151 | D:4      | Killed Blork the orc
  2151 | D:4      | Reached XP level 5. HP: 16/47 MP: 5/5
  2447 | D:4      | Noticed Edmund
  2464 | D:4      | Killed Edmund
  2464 | D:4      | Reached skill level 5 in Fighting
  2464 | D:4      | Reached XP level 6. HP: 25/56 MP: 6/6
  2887 | D:4      | Reached skill level 5 in Maces & Flails
  3102 | D:4      | Noticed a slave
  3102 | D:4      | Noticed a slave
  3103 | D:4      | Noticed Pikel
  3104 | D:4      | Noticed a slave
  3104 | D:4      | Noticed a slave
  3111 | D:4      | Killed a slave
  3117 | D:4      | Killed Pikel
  3117 | D:4      | Reached skill level 6 in Fighting
  3117 | D:4      | Reached skill level 5 in Dodging
  3117 | D:4      | Your scales start taking on a golden yellow colour.
  3117 | D:4      | Reached XP level 7. HP: 64/64 MP: 7/7
  3616 | D:5      | Entered Level 5 of the Dungeon
  3616 | D:5      | Noticed Raine357's ghost (novice TeFi)
  3627 | D:5      | Killed Raine357's ghost
  3627 | D:5      | Reached skill level 7 in Fighting
  3627 | D:5      | Reached XP level 8. HP: 57/73 MP: 8/8
  3641 | D:5      | Reached **** piety under Trog
  4023 | D:6      | Reached skill level 8 in Fighting
  4109 | D:6      | Reached XP level 9. HP: 43/81 MP: 9/9
  4568 | D:6      | Got a pair of encrusted gloves
  4574 | D:6      | Identified the cursed -1 pair of gloves of Reason {+Fly Int+3} (You found it on level 6 of the Dungeon)
  4676 | D:6      | You fall through a shaft for 2 floors!
  4743 | D:8      | Noticed Grum
  4756 | D:8      | Killed Grum
  4758 | D:8      | Reached skill level 9 in Fighting
  5006 | D:8      | Got a scintillating iron ring
  5007 | D:8      | Identified the ring "Qakoojesu" {MR+ MP+9 Str+3 Stlth+} (You found it on level 8 of the Dungeon)
  5107 | D:8      | Noticed edsrzf's ghost (novice DsWz)
  5136 | D:8      | Killed edsrzf's ghost
  5459 | D:8      | Reached ***** piety under Trog
  5631 | D:8      | Noticed Maurice
  5636 | D:8      | Reached XP level 10. HP: 90/92 MP: 10/10
  5888 | D:8      | Got a slimy ring mail
  5915 | D:8      | Noticed Prince Ribbit
  5930 | D:8      | Killed Prince Ribbit
  5974 | D:8      | Received a gift from Trog
  5991 | D:8      | Reached skill level 10 in Fighting
  6047 | D:8      | Noticed a two-headed ogre
  6055 | D:8      | Killed a two-headed ogre
  6323 | D:8      | Noticed a death yak
  6324 | D:8      | Noticed a death yak
  6338 | D:8      | Noticed a death yak
  6346 | D:8      | Killed a death yak
  6351 | D:8      | Killed a death yak
  6356 | D:8      | Killed a death yak
  6356 | D:8      | Reached skill level 11 in Fighting
  6356 | D:8      | Reached skill level 10 in Maces & Flails
  6698 | D:8      | Found a staircase to the Lair.
  6710 | D:8      | Killed Maurice
  7287 | D:9      | Noticed a catoblepas
  7302 | D:9      | Killed a catoblepas
  7302 | D:9      | Reached XP level 11. HP: 28/102 MP: 11/11
  7835 | D:9      | Found a basalt altar of Yredelemnul.
  7856 | D:9      | Found a sacrificial altar of Ru.
  8744 | D:10     | Entered Level 10 of the Dungeon
  8918 | D:10     | Found Emyf's Food Emporium.
  9555 | D:10     | Reached skill level 10 in Dodging
  9864 | D:11     | Noticed Urug
 10338 | D:11     | Noticed a two-headed ogre
 10348 | D:11     | Killed a two-headed ogre
 10388 | D:11     | Killed Urug
 10388 | D:11     | Reached skill level 12 in Fighting
 10388 | D:11     | HP: 6/156 [orc wizard/puff of flame (11)]
 10389 | D:11     | Killed from afar by an orc priest

Vault maps used:
D:1:      ldierk_walled_garden_2, nicolae_ashenzari_panopticon
D:2:      grunt_qazlal_clouds, grunt_ministairs_2, guppyfry_early_lair_pool
D:3:      grunt_temple_overflow_open, bloody_makhleb
D:4:      nicolae_overflow_crystal_walls, first_ration, uniq_pikel,
          uniq_blork_the_orc, uniq_edmund
D:5:      kennysheep_steamy, minmay_temple_entry_trees
D:8:      dpeg_lair_monsters, uniq_prince_ribbit1, uniq_maurice, uniq_grum
D:9:      old_standard_altar, lemuel_crystal_altar
D:10:     serial_shops, shop
D:11:     enter_trove_3, uniq_urug

Skill      XL: |  1  2  3  4  5  6  7  8  9 10 11 |
---------------+----------------------------------+-----
Dodging        | 3 4 5 6 8 9 10 | 10.3
Fighting       | 4 5 6 7 8 9 11 12 | 12.0
Maces & Flails | 4 6 7 8 10 11 | 11.1

Action                   |  1- 3 |  4- 6 |  7- 9 | 10-12 || total
-------------------------+-------+-------+-------+-------++-------
Melee: Mace              |   112 |   127 |       |       ||   239
       Tailslap          |    10 |    26 |    30 |    45 ||   111
       Flail             |       |    37 |   235 |    19 ||   291
       Morningstar       |       |       |       |   277 ||   277
Invok: Berserk           |       |     3 |     2 |     4 ||     9
  Use: Scroll            |       |     6 |     7 |     2 ||    15
       Potion            |       |     2 |     1 |     1 ||     4
 Stab: Sleeping          |     1 |       |       |     4 ||     5
  Eat: Chunk             |     1 |     8 |     8 |    13 ||    30
       Ration            |       |       |     1 |     2 ||     3
Armor: Skin              |    35 |    30 |    65 |    91 ||   221
Dodge: Dodged            |    87 |   100 |   205 |   202 ||   594

Table legend:
 A = Spawn XP
 B = Non-spawn XP
 C = Spawn XP percentage of total XP
 D = Spawn monster count
 E = Non-spawn monster count
 F = Spawn count percentage of total count
 G = Total turns spent on level
                    A         B        C        D         E        F      G
               +---------+---------+-------+---------+---------+-------+---------
         Total |       0 |   17302 |   0.0 |       0 |     219 |   0.0 | 10389
               +---------+---------+-------+---------+---------+-------+---------
           D:1 |       0 |      32 |   0.0 |       0 |      16 |   0.0 |   554
           D:2 |       0 |      61 |   0.0 |       0 |      17 |   0.0 |   742
           D:3 |       0 |      83 |   0.0 |       0 |      23 |   0.0 |   810
           D:4 |       0 |    1234 |   0.0 |       0 |      25 |   0.0 |  1510
           D:5 |       0 |     636 |   0.0 |       0 |       8 |   0.0 |   283
           D:6 |       0 |    1083 |   0.0 |       0 |      15 |   0.0 |   777
           D:8 |       0 |    7747 |   0.0 |       0 |      62 |   0.0 |  2533
           D:9 |       0 |    2004 |   0.0 |       0 |      14 |   0.0 |  1535
          D:10 |       0 |    1792 |   0.0 |       0 |      28 |   0.0 |  1367
          D:11 |       0 |    2630 |   0.0 |       0 |      11 |   0.0 |   278
               +---------+---------+-------+---------+---------+-------+---------
